AoeStats
← Chigüiro

Black Forest

509025319Analyzed
4v4 RM · 8d ago on Sep 25, 2026· 43m 50s· 8 players
Game mode
Random Map
Map size
Large (8 player)
Population
200
Speed
Normal
Resources
Standard
Victory
Conquest
Starting age
Dark Age
Ending age
Imperial Age
RankedLock teamsTeams togetherTeam positionsShared explorationLock speedFull tech treeHidden civsTurbo modeCheats
Victory
Defeat
🇺🇸 Danes · United States
1555
+14
🇨🇴 Dravidians · Colombia
1518
+15
1516
+15
🇺🇸 Mongols · United States
1480
+17
🇨🇳 Italians · China
1581
-18
🇱🇻 Danes · Latvia
1508
-16
🇹🇷 Saxons · Türkiye
1459
-14
🇨🇳 Persians · China
1452
-13
_kill3rJ
1:07 Loom
11:22 Feudal Age
12:12 Double-Bit Axe
15:43 Wheelbarrow
18:05 Castle Age
16:53 Fishing Lines
18:56 Gillnets
20:42 Town Watch
23:29 Horse Collar
24:04 Bow Saw
26:03 Fletching
27:37 Hand Cart
28:05 Bodkin Arrow
28:33 Heavy Plow
32:26 Imperial Age
29:46 Hamask
30:30 Scale Mail Armor
30:59 Stone Mining
30:59 Gold Mining
32:29 Onager
32:48 Elite Varangian Guard
33:29 Squires
33:47 Chain Mail Armor
33:36 Arson
34:22 Forging
34:20 Caravan
34:58 Conscription
34:37 Siege Onager
37:11 Plate Mail Armor
37:17 Iron Casting
38:41 Chemistry
37:52 Siege Engineers
39:27 Ballistics
39:47 Northmen's Fury
41:52 Blast Furnace
40:39 Capped Ram
42:09 Siege Ram
42:47 Gambesons
44:12 Hoardings
MrWrong
11:25 Feudal Age
12:30 Double-Bit Axe
15:30 Castle Age
14:24 Loom
15:03 Fishing Lines
16:24 Bow Saw
17:45 Fletching
19:22 Bodkin Arrow
21:28 Padded Archer Armor
28:37 Wheelbarrow
30:05 Bloodlines
29:52 Gold Mining
31:23 Husbandry
31:27 Stone Mining
32:32 Ballistics
33:17 Leather Archer Armor
36:18 Imperial Age
34:32 Hand Cart
34:56 Leather Archer Armor
35:48 Thumb Ring
37:02 Bracer
37:26 Conscription
36:55 Elite Mangudai
38:58 Parthian Tactics
39:41 Chemistry
41:45 Nomads
41:55 Siege Engineers
43:24 Caravan
Chigüiro
5:03 Loom
11:29 Feudal Age
16:16 Castle Age
15:06 Double-Bit Axe
17:39 Fletching
18:10 Bow Saw
19:42 Fishing Lines
21:36 Horse Collar
23:07 Gillnets
23:23 Heavy Plow
26:29 Wheelbarrow
28:48 Imperial Age
26:55 Ballistics
26:49 Thumb Ring
26:58 Gold Mining
27:49 Stone Mining
30:33 Chemistry
29:33 Bodkin Arrow
30:09 Elite Elephant Archer
31:27 Husbandry
32:30 Bracer
33:03 Conscription
34:22 Padded Archer Armor
35:37 Leather Archer Armor
35:43 Medical Corps
37:00 Devotion
38:28 Caravan
38:39 Guilds
43:40 Ring Archer Armor
灯窝森曾瑞卜药方松滴
0:32 Loom
13:21 Feudal Age
17:07 Castle Age
16:07 Double-Bit Axe
16:54 Fishing Lines
18:37 Fletching
21:37 Bow Saw
25:51 Wheelbarrow
25:02 Horse Collar
26:49 Gillnets
30:46 Imperial Age
29:44 Gold Mining
29:45 Stone Mining
30:19 Guard Tower
30:49 Ballistics
30:14 Treadmill Crane
30:55 Ballistics
30:33 Bodkin Arrow
31:37 Svan Towers
33:00 Chemistry
31:52 Guard Tower
31:49 Arrowslits
32:21 Murder Holes
32:30 Bracer
33:29 Padded Archer Armor
34:30 Svan Towers
35:29 Leather Archer Armor
34:54 Elite Skirmisher
37:22 Stone Shaft Mining
38:35 Keep
38:19 Masonry
38:36 Conscription
39:53 Hoardings
42:54 Architecture
두도스
1:10 Loom
11:46 Feudal Age
15:27 Castle Age
14:37 Double-Bit Axe
16:34 Scale Mail Armor
18:21 Chain Mail Armor
19:02 Arson
19:18 Squires
21:06 Gold Mining
22:58 Sanctity
23:30 Redemption
29:21 Imperial Age
29:06 Forging
30:44 Block Printing
30:54 Conscription
31:06 Horse Collar
31:38 Bow Saw
32:34 Plate Mail Armor
33:05 Illumination
33:26 Fervor
34:31 Gold Shaft Mining
35:49 Iron Casting
38:00 Theocracy
41:44 Elite Jomsviking
43:37 Blast Furnace
MinorCloud9519
0:52 Loom
12:31 Feudal Age
13:03 Double-Bit Axe
15:55 Town Watch
18:36 Castle Age
16:39 Stone Mining
19:37 Fletching
25:07 Horse Collar
30:42 Bodkin Arrow
35:14 Wheelbarrow
37:38 Bow Saw
46:45 Imperial Age
andfoul
10:18 Feudal Age
14:09 Castle Age
12:02 Double-Bit Axe
12:40 Horse Collar
15:40 Bow Saw
21:10 Loom
21:08 Elite Skirmisher
23:23 Fletching
24:46 Wheelbarrow
24:24 Padded Archer Armor
25:36 Ballistics
26:03 Hand Cart
26:33 Bodkin Arrow
31:24 Imperial Age
29:28 Leather Archer Armor
31:39 Thumb Ring
32:46 Chemistry
32:07 Conscription
32:54 Stone Mining
32:54 Gold Mining
34:43 Ring Archer Armor
33:45 Cavalier
34:26 Husbandry
34:32 Scale Barding Armor
35:17 Savar
37:58 Gold Shaft Mining
38:05 Chain Barding Armor
38:48 Forging
40:13 Plate Barding Armor
42:14 Iron Casting
张横
9:51 Loom
12:26 Feudal Age
13:16 Double-Bit Axe
13:13 Horse Collar
15:59 Castle Age
18:50 Bow Saw
18:39 Fishing Lines
19:36 Gillnets
20:27 Heavy Plow
21:03 Stone Mining
22:11 Gold Mining
24:00 Wheelbarrow
23:11 Town Watch
27:52 Imperial Age
26:23 Padded Archer Armor
26:54 Hand Cart
26:24 Town Watch
29:35 Chemistry
29:03 Leather Archer Armor
30:13 Conscription
30:34 Pirotechnia
31:26 Ring Archer Armor
31:44 Elite Skirmisher
32:21 Fletching
Connection lost

Rejoining the realm…

Still unreachable

The connection could not be restored.

Session expired

The server has moved on; the page needs a fresh start.